Map: Ruins of Endion

Players

Rei - Winner!

  • Race: Zerg Zerg
  • League: Grandmaster

Miszu

  • Race: Terran Terran
  • League: Grandmaster

VOD

Have the link to the VOD?

Description

Time

  • Played on: May 16, 2016, 5:27 p.m.
  • Length: 17:26
Show
View Real Time Build Order
Export as new Build Order

Rei Zerg - Winner!

Build Orders: Hatch First 

Get SALT Encoding   

  12  0:01  Drone  
  13  0:13  Overlord  
  13  0:18  Drone  
  14  0:34  Drone  
  14  0:35  Drone  
  16  0:36  Drone  
  17  0:56  Drone, Hatchery  
  17  1:01  Drone  
  17  1:03  Extractor  
  17  1:16  Spawning Pool  
  16  1:19  Drone  
  16  1:22  Drone  
  18  1:29  Drone  
  19  1:49  Overlord  
  19  2:03  Zergling x4  
  19  2:04  Metabolic Boost  
  19  2:07  Queen x2  
  25  2:11  Drone  
  25  2:15  Drone  
  27  2:19  Drone  
  27  2:22  Drone  
  29  2:31  Drone  
  29  2:36  Drone  
  31  2:42  Queen  
  31  2:43  Pneumatized Carapace  
  33  2:50  Overlord  
  33  2:53  Overlord  
  33  3:00  Drone x2  
  33  3:03  Drone  
  36  3:10  Drone  
  36  3:12  Drone  
  38  3:17  Drone x5  
  43  3:23  Zergling x4  
  45  3:39  Hatchery  
  44  3:49  Queen x2  
  44  3:52  Overlord  
  48  3:57  Drone x4  
  52  4:04  Overlord  
  52  4:06  Spore Crawler  
  51  4:12  Roach Warren  
  51  4:13  Extractor  
  49  4:20  Spine Crawler  
  49  4:23  Drone x5  
  49  4:24  Drone  
  54  4:26  Spore Crawler  
  54  4:28  Zergling x4  
  54  4:29  Zergling x2  
  57  4:33  Overlord  
  57  4:42  Evolution Chamber  
  57  4:44  Evolution Chamber  
  57  4:45  Drone x4  
  59  4:55  Drone x2  
  59  4:59  Lair  
  61  5:05  Drone x2  
  62  5:09  Zerg Missile Weapons Level 1, Zerg Ground Armor Level 1  
  62  5:13  Drone x4  
  66  5:20  Drone x3  
  66  5:21  Drone x2  
  70  5:37  Extractor, Roach x2, Spore Crawler  
  70  5:38  Extractor, Roach x3  
  77  5:48  Roach x2  
  81  5:50  Overlord x2  
  81  6:01  Glial Reconstitution  
  81  6:04  Extractor  
  81  6:06  Infestation Pit  
  74  6:13  Drone x3  
  74  6:14  Drone x3  
  74  6:18  Drone x3  
  82  6:19  Drone  
  83  6:35  Hatchery  
  83  6:38  Drone x4  
  85  6:42  Ravager x2  
  86  6:48  Ravager  
  83  7:02  Drone x4  
  83  7:03  Extractor  
  83  7:04  Drone x5  
  91  7:11  Overseer  
  91  7:13  Overlord x2  
  91  7:19  Drone  
  91  7:20  Drone x2  
  91  7:22  Hive  
  94  7:28  Zerg Ground Armor Level 2  
  94  7:40  Drone x4  
  94  7:41  Drone x3  
  97  7:45  Spire  
  97  7:47  Roach x2  
  99  7:58  Ravager  
  99  7:59  Ravager x3  
  103  8:06  Roach  
  103  8:07  Roach x3  
  103  8:08  Overseer  
  103  8:11  Overlord x2  
  110  8:17  Overlord x2  
  110  8:29  Queen x2  
  110  8:31  Roach x5  
  124  8:42  Drone x2  
  124  8:44  Overlord  
  124  8:45  Overlord x2  
  123  8:49  Drone x3  
  123  8:50  Drone  
  123  8:52  Viper x3  
  138  8:55  Drone x3  
  138  8:56  Drone x3  
  142  9:04  Drone x3, Zerg Flyer Armor Level 1  
  142  9:05  Drone x2  
  147  9:12  Drone  
  147  9:13  Drone  
  147  9:14  Spore Crawler  
  148  9:17  Ravager x2  
  148  9:18  Overlord x2, Ravager x2, Spore Crawler  
  148  9:19  Overlord  
  148  9:22  Extractor  
  148  9:23  Spore Crawler  
  148  9:24  Extractor  
  148  9:28  Spore Crawler  
  148  9:30  Overseer  
  147  9:31  Corruptor  
  149  9:39  Corruptor x2  
  153  9:46  Corruptor  
  155  9:58  Corruptor x2  
  158  10:10  Corruptor  
  158  10:11  Corruptor  
  154  10:17  Overseer  
  154  10:25  Corruptor x2  
  154  10:27  Drone  
  159  10:40  Overlord x4  
  159  10:47  Hatchery  
  159  10:48  Extractor  
  159  10:49  Extractor, Overseer  
  156  11:00  Corruptor x5  
  156  11:04  Drone x3  
  168  11:05  Drone x2  
  168  11:06  Overlord  
  168  11:08  Zergling x8  
  175  11:17  Corruptor x3  
  179  11:22  Queen x4  
  177  11:36  Roach x3  
  177  11:37  Roach  
  177  11:39  Hydralisk Den  
  184  11:44  Zerg Missile Weapons Level 2  
  184  11:51  Spine Crawler x2  
  184  11:52  Drone x4, Spine Crawler  
  184  11:53  Spine Crawler x3  
  182  11:56  Zerg Flyer Armor Level 2, Drone x5, Spine Crawler  
  182  11:57  Spine Crawler  
  185  12:05  Drone x3  
  183  12:24  Roach  
  183  12:25  Roach x3  
  191  12:31  Drone x3  
  191  12:34  Spire  
  193  12:38  Evolution Chamber  
  193  12:39  Evolution Chamber x2  
  193  12:40  Muscular Augments  
  193  12:41  Hydralisk x4  
  193  12:42  Evolution Chamber  
  197  12:47  Overseer x2  
  197  13:05  Spore Crawler x2  
  195  13:06  Spore Crawler  
  195  13:08  Viper  
  197  13:13  Hydralisk  
  199  13:20  Hatchery  
  199  13:21  Extractor  
  199  13:23  Extractor  
  196  13:29  Hydralisk  
  196  13:47  Zerg Flyer Weapons Level 1  
  196  13:51  Drone  
  180  14:06  Hydralisk x4  
  180  14:07  Hydralisk x2  
  180  14:08  Viper x3  
  198  14:17  Corruptor x6  
  172  14:24  Viper x3  
  170  14:29  Corruptor x5  
  163  14:42  Viper  
  163  14:43  Roach x2  
  163  14:44  Hydralisk x4, Roach  
  163  14:45  Hydralisk  
  182  14:49  Drone  
  180  14:57  Hydralisk x3  
  183  15:05  Ravager, Overseer  
  172  15:11  Hydralisk x3  
  172  15:12  Hydralisk x2  
  172  15:13  Overseer x2  
  182  15:33  Hydralisk x2  
  180  15:43  Hatchery  
  180  15:47  Corruptor x4  
  180  15:48  Corruptor  
  173  16:12  Hydralisk x3  
  173  16:14  Overlord x4  
  178  16:33  Drone x3  
  178  16:34  Drone x2  
  180  16:42  Roach x3  
  180  16:43  Roach x2  
Show
View Real Time Build Order
Export as new Build Order

Miszu Terran 

Build Orders: Reaper Expand 

Get SALT Encoding   

  12  0:00  SCV  
  13  0:13  SCV  
  14  0:17  Supply Depot  
  14  0:25  SCV  
  15  0:39  SCV  
  15  0:40  Barracks  
  16  0:44  Refinery  
  16  0:51  SCV  
  17  1:03  SCV  
  18  1:15  SCV  
  19  1:27  Orbital Command  
  19  1:28  Reaper  
  20  1:41  Command Center  
  20  1:51  Supply Depot  
  20  1:53  SCV  
  21  2:01  Marine  
  22  2:11  SCV  
  22  2:13  Factory  
  23  2:16  Refinery  
  23  2:21  Barracks Reactor  
  23  2:23  SCV  
  24  2:35  SCV  
  25  2:47  SCV  
  26  2:53  Orbital Command  
  26  2:58  Starport  
  26  2:59  SCV  
  27  3:06  Hellion  
  27  3:07  Hellion, Barracks Tech Lab  
  27  3:12  SCV  
  32  3:17  Supply Depot  
  32  3:21  SCV  
  33  3:28  Hellion x2  
  37  3:38  SCV  
  37  3:39  SCV  
  39  3:43  Banshee  
  39  3:47  Supply Depot  
  41  3:50  SCV  
  43  3:55  SCV  
  43  4:03  Command Center  
  43  4:04  SCV  
  43  4:07  SCV  
  43  4:09  Refinery x2  
  45  4:16  SCV  
  46  4:18  Liberator  
  46  4:21  Liberator, SCV  
  46  4:23  Armory  
  47  4:26  Barracks Reactor  
  47  4:28  SCV  
  48  4:33  SCV  
  55  4:40  SCV  
  55  4:43  Supply Depot  
  55  4:45  Hellion, SCV  
  59  4:52  SCV  
  60  4:57  SCV  
  61  5:04  SCV  
  61  5:06  Liberator  
  61  5:07  Supply Depot, Liberator  
  62  5:09  SCV  
  63  5:17  Orbital Command  
  63  5:18  SCV  
  63  5:20  Terran Ship Weapons Level 1  
  63  5:21  Hellion x2, SCV  
  75  5:30  SCV  
  75  5:32  Supply Depot  
  75  5:33  SCV  
  77  5:43  SCV  
  77  5:45  SCV  
  77  5:47  Orbital Command  
  79  5:53  Hellion  
  79  5:54  Hellion  
  79  5:55  Liberator x2  
  83  5:58  SCV  
  83  6:02  SCV  
  85  6:10  SCV  
  80  6:14  Starport, SCV  
  80  6:16  Starport  
  83  6:22  SCV  
  84  6:26  Hellion x2  
  84  6:28  SCV x2  
  84  6:30  Supply Depot  
  90  6:34  SCV  
  91  6:40  Refinery  
  91  6:43  Refinery  
  91  6:44  Liberator x2, SCV  
  92  6:47  Hellion  
  92  6:50  Hellion  
  96  7:01  Banshee  
  96  7:02  Starport Tech Lab  
  96  7:03  Cloaking Field  
  96  7:05  Fusion Core, SCV x3  
  102  7:17  SCV x2  
  102  7:22  Hellion x2  
  108  7:25  SCV  
  108  7:27  Liberator  
  109  7:41  Command Center  
  109  7:43  Supply Depot x3, SCV x3  
  109  7:44  Banshee  
  108  7:50  Banshee  
  109  7:52  Hellion x2  
  109  7:54  Liberator  
  109  7:55  SCV x3  
  116  8:04  Starport  
  116  8:05  Starport  
  116  8:07  Engineering Bay, SCV x3  
  122  8:15  Supply Depot  
  122  8:16  Supply Depot  
  122  8:19  SCV x2  
  125  8:20  SCV  
  125  8:21  Hellion x2  
  125  8:27  Banshee  
  129  8:31  SCV x2  
  129  8:32  SCV, Banshee  
  138  8:43  SCV  
  138  8:44  Starport Tech Lab  
  138  8:45  Starport Tech Lab  
  138  8:46  Viking  
  141  8:54  Viking  
  143  8:57  Hellion x2  
  147  9:05  Banshee x2  
  147  9:09  Refinery, Banshee  
  153  9:12  Hyperflight Rotors  
  153  9:14  Refinery, Advanced Ballistics  
  153  9:16  Viking  
  158  9:24  Viking  
  158  9:25  Banshee  
  158  9:26  Hellion  
  158  9:27  Hellion  
  165  9:45  Planetary Fortress  
  165  9:51  Viking  
  165  9:52  Banshee  
  170  10:03  Hellion  
  172  10:09  Banshee  
  172  10:13  Hellion  
  171  10:16  Banshee  
  165  10:22  Banshee  
  165  10:27  Viking x2  
  172  10:35  Hellion x3  
  170  10:44  Command Center  
  170  10:47  Hellion, Command Center x2  
  170  10:48  Command Center  
  172  11:15  Hellion  
  172  11:16  Viking  
  171  11:18  Hellion x12  
  171  11:20  Liberator x2  
  171  11:27  Viking, Banshee  
  171  11:37  Banshee  
  171  11:38  Supply Depot  
  171  11:39  Supply Depot  
  180  11:46  Viking  
  178  11:54  Starport  
  178  11:55  Orbital Command  
  178  11:56  Starport x2  
  178  11:57  Viking  
  178  11:59  Liberator  
  178  12:03  Liberator x2  
  158  12:09  Banshee  
  158  12:10  Liberator  
  157  12:20  Banshee  
  157  12:22  Orbital Command  
  169  12:24  Missile Turret  
  172  12:40  Starport Tech Lab  
  172  12:46  Starport Tech Lab  
  172  12:47  Starport Tech Lab  
  172  12:55  Liberator x5  
  172  12:56  Liberator x3  
  175  13:01  Planetary Fortress  
  195  13:37  Liberator  
  195  13:38  Liberator  
  195  13:46  Liberator x2  
  192  13:49  Starport Tech Lab  
  131  14:46  Banshee x3  
  131  14:47  Banshee  
  131  14:48  Viking x4  
  129  15:10  Refinery  
  129  15:18  Viking x4  
  137  15:23  Command Center  
  137  15:29  Viking, Refinery, Banshee  
  137  15:30  Viking  
  137  15:31  Viking  
  139  15:50  Liberator  
  135  16:07  Viking x2  
  135  16:08  Viking  
  138  16:12  Liberator  
  138  16:13  Liberator x2  
  144  16:37  Banshee  
  142  16:51  Engineering Bay  
Tags
 
Add a new tag
Caveats
  • Supply blocks, unpowered buildings, or Contaminate may cause inaccurate times.
  • Supply counts are checked every 10 seconds.